 Dungeon Crawl Stone Soup version 0.31-a0-221-gbddc013574 (webtiles) character file.

Game seed: 6250557364790467340

37 reriks the Sneak (level 3, -2/19 HPs)
             Began as a Kobold Enchanter on July 4, 2023.
             Slain by a gnoll
             ... wielding a +0 whip
              (6 damage)
             ... on level 2 of the Dungeon.
             The game lasted 00:01:36 (800 turns).

reriks the Sneak (Kobold Enchanter)                  Turns: 800, Time: 00:01:37

Health: -2/19      AC:  2    Str:  7    XL:     3   Next: 60%
Magic:  6/6        EV: 12    Int: 16    God:
Gold:   66         SH:  0    Dex: 15    Spells: 5/7 levels left

rFire   . . .        a - +1 dagger
rCold   . . .        (no shield)
rNeg    . . .        b - +0 robe
rPois   .            (no helmet)
rElec   .            (no cloak)
rCorr   .            (no gloves)
SInv    .            (no boots)
Will    .....        (no amulet)
Stlth   ++++         (no ring)
HPRegen 0.23/turn    (no ring)
MPRegen 0.10/turn

%: no passive effects
@: constricted
A: small, no large weapons, nightstalker 3
a: no special abilities


You were on level 2 of the Dungeon.
You visited 1 branch of the dungeon, and saw 2 of its levels.

You collected 66 gold pieces.

Inventory:

Hand Weapons
 a - a +1 dagger (weapon)
Armour
 b - a +0 robe (worn)
Jewellery
 f - a ring of wizardry
Scrolls
 d - a scroll of teleportation {unknown}
 e - a scroll of immolation {unknown}
 g - a scroll of vulnerability {unknown}
Potions
 c - 2 potions of invisibility


   Skills:
 + Level 2.1 Short Blades
 + Level 2.8 Dodging
 * Level 4.9 Stealth
 + Level 2.5 Spellcasting
 + Level 3.2 Hexes


You had 5 spell levels left.
You knew the following spells:

 Your Spells              Type           Power      Damage    Failure   Level
a - Ensorcelled Hibernat  Hex/Ice        14%        N/A       16%         2

Your spell library contained the following spells:

 Spells                   Type           Power      Damage    Failure   Level
 Confusing Touch          Hex            12%        N/A       16%         3
 Tukima's Dance           Hex            12%        N/A       16%         3
 Dazzling Flash           Conj/Hex       14%        N/A       30%         3


Dungeon Overview and Level Annotations

Branches:
Dungeon (2/15)

Altars:

Shops:
D:1 **(=(


Innate Abilities, Weirdness & Mutations

You are small and have problems with some larger weapons.
You are completely attuned to the shadows.


Message History

Moving in this stuff is going to be slow.
Partly explored, can't reach some places.
Partly explored, can't reach some places.
You see here a +0 dagger.
You see here a quokka skeleton.
There is an escape hatch in the floor here.
There is a stone staircase leading down here.
You climb downwards.
There is a stone staircase leading up here.
The helpless kobold fails to defend itself.
You impale the kobold!!
You kill the kobold!
A gnoll comes into view. It is wielding a +0 spear.
A gnoll is nearby!
A gnoll and a ball python come into view. 2 gnolls come into view.
The gnoll shouts! x2
The gnoll closely misses you.
A dart slug comes into view.
Found a stone staircase leading up.
The gnoll closely misses you.
The gnoll throws a throwing net.
The throwing net hits you.
You become entangled in the net!
The gnoll barely misses you.
You see here a throwing net.
You struggle against the net.
The gnoll hits you with a +0 flail. The gnoll completely misses you.
The ball python bites you. The ball python grabs you.
The ball python constricts you.
You struggle against the net.
The gnoll hits you but does no damage. The ball python bites you.
The ball python constricts you.
You struggle against the net.
The gnoll hits you with a +0 spear. The ball python barely misses you.
The ball python constricts you.
You rip the net and break free!
The gnoll hits you with a +0 spear.
* * * LOW HITPOINT WARNING * * *
The gnoll barely misses you. The ball python bites you.
* * * LOW HITPOINT WARNING * * *
The ball python constricts you.
The gnoll shouts!
You hit the gnoll.
The gnoll is moderately wounded.
The gnoll closely misses you. The gnoll hits you with a +0 whip.
You die...

#.<. ..w.
##..g#
##gS..#
##.@g.#
#...g.#
#.....##
#.#....#
#.##...##
# #)...#
##.<.#
#...#
#####


You could see 4 gnolls, a dart slug and a ball python.

Vanquished Creatures
  3 dart slugs (D:1)
  A ball python (D:1)
  3 bats (D:1)
  4 endoplasms (D:1)
  A giant cockroach (D:1)
  A goblin (D:1)
  2 hobgoblins (D:1)
  2 quokkas (D:1)
  3 frilled lizards (D:1)
  5 kobolds
  2 rats (D:1)
27 creatures vanquished.

Notes
Turn   | Place    | Note
-------+----------+-------------------------------------------
     0 | D:1      | reriks the Kobold Enchanter began the quest for the Orb.
     0 | D:1      | Reached XP level 1. HP: 10/10 MP: 3/3
   106 | D:1      | Found Xocihaa's Assorted Antiques.
   120 | D:1      | Reached XP level 2. HP: 15/15 MP: 5/5
   164 | D:1      | Found Vyaqu's Assorted Antiques.
   224 | D:1      | Found Xuivo's Weapon Emporium.
   226 | D:1      | Found Lyklaxt's Jewellery Shoppe.
   376 | D:1      | Reached XP level 3. HP: 19/19 MP: 6/6
   445 | D:1      | Found Pustruuti's Weapon Shoppe.
   569 | D:1      | Learned a level 2 spell: Ensorcelled Hibernation
   800 | D:2      | Slain by a gnoll

Illustrated notes

Levels and vault maps discovered:
D:1:      amcnicky_arrival_choice, layout_basic, serial_shops, shop, shop, shop,
          nicolae_shop_statue_plus, shop, chequers_big_river, st_stairs_10
D:2:      layout_loops_cross, grunt_ministairs_12, st_stairs_9

Skill      XL: |  1  2  3 |
---------------+----------+-----
Short Blades   | 2 |  2.1
Dodging        | |  2.8
Stealth        | |  4.9
Spellcasting   | |  2.5
Hexes          | |  3.2

Action                     || total
---------------------------++-------
  Melee: Dagger            ||    67
         Punch             ||     2
   Cast: Ensorcelled Hiber ||     2
   Stab: Sleeping          ||    16
 Armour: Robe              ||     9
  Dodge: Dodged            ||    40

Table legend: (Time is in decaauts)
 A = Elapsed time spent in this place.
 B = Non-inter-level travel time spent in this place.
 C = Inter-level travel time spent in this place.
 D = Time resting spent in this place.
 E = Time spent auto-exploring this place.
 F = Levels seen in this place.
 G = Mean time per level.
                   A        B        C        D        E       F      G
               +--------+--------+--------+--------+--------+-----+--------+
         Total |    802 |    778 |     24 |      9 |    606 |   2 |  401.0 |
       Dungeon |    802 |    778 |     24 |      9 |    606 |   2 |  401.0 |
               +--------+--------+--------+--------+--------+-----+--------+

Top non-repeatable levels by time:
     D:1: 791 daAuts
     D:2: 11 daAuts
